 Dungeon Crawl Stone Soup version 0.19.0-11-g3fc08b3 (webtiles) character file.

1488 Minion the Cleaver (level 8, -2/71 HPs)
             Began as a Hill Orc Fighter on Nov 10, 2016.
             Was a Follower of Beogh.
             Slain by Pikel
             ... wielding a +2 whip of electrocution
              (8 damage)
             ... on level 6 of the Dungeon.
             The game lasted 00:16:15 (5686 turns).

Minion the Cleaver (Hill Orc Fighter)               Turns: 5686, Time: 00:16:16

Health: -2/71      AC: 12    Str: 21    XL:     8   Next: 80%
Magic:  8/8        EV:  6    Int: 14    God:    Beogh [*.....]
Gold:   178        SH:  0    Dex: 10    Spells: 0 memorised, 7 levels left

rFire  . . .     SeeInvis .     a - +0 war axe
rCold  . . .     Gourm    +     e - +0 plate armour
rNeg   . . .     Faith    .     (no shield)
rPois  .         Spirit   .     (no helmet)
rElec  .         Reflect  .     (no cloak)
rCorr  .         Harm     .     (no gloves)
MR     .....                    (no boots)
Stlth  ..........               t - amulet of the gourmand
                                (no ring)
                                i - +6 ring of intelligence

@: no status effects
A: no striking features
a: Renounce Religion


You were on level 6 of the Dungeon.
You worshipped Beogh.
Beogh was aware of your devotion.
You were not hungry.

You visited 1 branch of the dungeon, and saw 6 of its levels.

You collected 178 gold pieces.

Inventory:

Hand Weapons
 a - a +0 war axe (weapon)
Armour
 e - a +0 plate armour (worn)
Jewellery
 i - a +6 ring of intelligence (left hand)
 t - an amulet of the gourmand (around neck)
Wands
 j - a wand of slowing (25/48)
Scrolls
 k - 5 scrolls of amnesia
 l - a scroll of immolation {unknown}
 m - a scroll of fog {unknown}
 o - a scroll of identify
 p - a scroll of magic mapping {unknown}
 v - a scroll of fear {unknown}
Potions
 c - a potion of berserk rage {unknown}
 d - 2 potions of flight {unknown}
 g - a potion of lignification {unknown}
 h - 2 potions of brilliance {unknown}
 n - a potion of resistance {unknown}
 q - a potion of heal wounds {unknown}
 r - a potion of mutation {unknown}
 s - a potion of cancellation {unknown}
 u - a potion of haste
Comestibles
 b - a royal jelly
 f - 6 bread rations


   Skills:
 + Level 6.8 Fighting
 + Level 10.9 Axes
 - Level 6.0 Armour
   Level 3.2 Shields


You had 7 spell levels left.
You didn't know any spells.

Dungeon Overview and Level Annotations

Branches:
Dungeon (6/15)             Temple (0/1) D:4

Altars:
Ashenzari
Fedhas
Sif Muna
Uskayaw

Annotations:
D:4 Robin
D:6 Pikel


Message History

Pikel is almost dead.
Pikel hits you but does no damage.
Your plate armour prevents you from hitting Pikel.
Pikel is almost dead.
Pikel hits you but does no damage.
You closely miss Pikel.
Pikel is almost dead.
Pikel hits you with a whip of electrocution.
* * * LOW HITPOINT WARNING * * *
You hit Pikel but do no damage.
Pikel is almost dead.
Pikel hits you but does no damage.
Your plate armour prevents you from hitting Pikel.
Pikel is almost dead.
You closely miss Pikel.
Pikel is almost dead.
Pikel hits you with a whip of electrocution.
* * * LOW HITPOINT WARNING * * *
You are electrocuted!
You die...

.................
.##....#.....####
.##..[.#.....#####
.................#
.............#####
..........#..#
.#..###..#..##
..#..##.......####
.. ........ppK@#
........#p####
...........
...........
##..p....##
.p......)
......... .......


You could see Pikel and 3 slaves.

Vanquished Creatures
  Sigmund (D:4)
  Edmund (D:4)
  A phantom (D:5)
  A slave (D:6)
  3 ogres
  2 centaurs
  2 bullfrogs
  3 wights (D:6)
  A crimson imp (D:5)
  2 hounds
  A centaur skeleton (D:5)
  An orc wizard (D:6)
  An iguana (D:5)
  Natasha (thrice) (D:4 D:5)
  A worker ant (D:4)
  A worker ant zombie (D:5)
  8 adders
  A howler monkey skeleton (D:5)
  An adder zombie (D:6)
  An adder skeleton (D:5)
  5 worms
  3 dart slugs
  3 leopard geckos
  5 orcs
  2 ball pythons (D:2)
  9 bats
  5 giant cockroaches
  13 goblins
  7 hobgoblins
  A jackal (D:1)
  4 quokkas
  6 frilled lizards
  A jackal skeleton (D:4)
  6 kobolds
  2 quokka skeletons
  12 rats
120 creatures vanquished.

Notes
Turn   | Place    | Note
-------+----------+-------------------------------------------
     0 | D:1      | Minion the Hill Orc Fighter began the quest for the Orb.
     0 | D:1      | Reached XP level 1. HP: 19/19 MP: 1/1
    38 | D:1      | Reached skill level 3 in Axes
    85 | D:1      | Reached XP level 2. HP: 26/26 MP: 2/2
   188 | D:1      | Reached skill level 4 in Axes
   311 | D:1      | Reached XP level 3. HP: 31/31 MP: 3/3
   719 | D:2      | Reached skill level 5 in Axes
  1024 | D:2      | Reached XP level 4. HP: 39/39 MP: 4/4
  1040 | D:2      | Found a shattered altar of Ashenzari.
  1509 | D:2      | Reached skill level 6 in Axes
  2068 | D:3      | Reached XP level 5. HP: 19/45 MP: 5/5
  2596 | D:4      | Found a staircase to the Ecumenical Temple.
  2604 | D:4      | Reached skill level 7 in Axes
  2652 | D:4      | Noticed Edmund
  2673 | D:4      | Killed Edmund
  2673 | D:4      | Reached XP level 6. HP: 27/51 MP: 6/6
  2856 | D:4      | Noticed Sigmund
  2878 | D:4      | Killed Sigmund
  2878 | D:4      | Reached skill level 8 in Axes
  2878 | D:4      | Reached skill level 5 in Armour
  2895 | D:4      | Noticed Natasha
  2899 | D:4      | Killed Natasha
  2899 | D:4      | Reached XP level 7. HP: 28/57 MP: 7/7
  3535 | D:4      | Became a worshipper of Beogh the Brigand
  3833 | D:4      | Noticed Robin
  3919 | D:5      | Entered Level 5 of the Dungeon
  3996 | D:5      | Noticed Natasha
  4001 | D:5      | Killed Natasha
  4012 | D:5      | Reached skill level 9 in Axes
  4069 | D:5      | Noticed Natasha
  4074 | D:5      | Killed Natasha
  4255 | D:5      | Reached XP level 8. HP: 39/67 MP: 8/8
  4563 | D:5      | Reached skill level 5 in Fighting
  4563 | D:5      | Reached skill level 10 in Axes
  4566 | D:5      | Found a blossoming altar of Fedhas.
  4566 | D:5      | Found a deep blue altar of Sif Muna.
  4633 | D:5      | Found a faded altar of an unknown god.
  4633 | D:5      | Found a faded altar of an unknown god.
  4638 | D:5      | Found a faded altar of an unknown god.
  4641 | D:5      | Found a faded altar of an unknown god.
  4642 | D:5      | Found a hide-covered altar of Uskayaw.
  5298 | D:6      | Reached * piety under Beogh
  5658 | D:6      | Noticed Pikel
  5686 | D:6      | Slain by Pikel

Skill      XL: |  1  2  3  4  5  6  7  8 |
---------------+-------------------------+-----
Axes           | 3 4 5 6 7 8 9 10 | 10.9
Armour         | 4 5 6 |  6.0
Fighting       | 4 6 |  6.8
Shields        | |  3.2

Action                   |  1- 3 |  4- 6 |  7- 9 || total
-------------------------+-------+-------+-------++-------
Melee: War axe           |   116 |   162 |   197 ||   475
Invok: Convert to Beogh  |       |       |     1 ||     1
  Use: Scroll            |     2 |     4 |       ||     6
       Potion            |       |     5 |     2 ||     7
  Eat: Chunk             |       |     5 |    10 ||    15
       Fruit             |       |     4 |       ||     4
       Beef jerky        |       |       |     1 ||     1
Armor: Scale mail        |    21 |       |       ||    21
       Plate armour      |    76 |   105 |   111 ||   292
Dodge: Dodged            |    25 |    42 |    55 ||   122
Block: Shield            |    54 |       |       ||    54
